 Dungeon Crawl Stone Soup version 0.30-a0-49-g1cef19eb02 (webtiles) character file.

Game seed: 12886063712019248667

93217 LnG the Severer (level 16, -1/146 HPs)
             Began as a Hill Orc Fighter on Sept 2, 2022.
             Was a High Priest of Uskayaw.
             Slain by a ghost moth (5 damage)
             ... on level 2 of the Spider Nest.
             The game lasted 02:24:16 (31700 turns).

LnG the Severer (Hill Orc Fighter)                 Turns: 31700, Time: 02:24:17

Health: -1/146     AC: 13    Str: 34 (35) XL:     16   Next: 8%
Magic:  0/16       EV: 13    Int: 11 (12) God:    Uskayaw [*****.]
Gold:   1432       SH: 13    Dex: 13      Spells: 15/15 levels left

rFire   . . .      SeeInvis .    u - +8 trident of the Octopus King {venom, rElec rPois}
rCold   . . .      Faith    .    M - +2 kite shield of Hedonism {Str+2 Int+4}
rNeg    + + .      Spirit   +    n - +6 ring mail "Acwa Xunn" {Drain rPois rN++ Dex+3}
rPois   +          Reflect  .    v - +2 helmet
rElec   +          Harm     .    G - +2 cloak
rCorr   .          Rampage  .    f - +0 pair of gloves
Will    +....                    (no boots)
Stlth   ++++......               R - amulet of guardian spirit
HPRegen 0.34/turn                g - +4 ring of protection
MPRegen 0.15/turn                J - +6 ring of strength

@: mighty, spiked, corroded, on berserk cooldown, slowed, very slow
A: no striking features
a: Renounce Religion, Stomp, Line Pass, Grand Finale


You were on level 2 of the Spider Nest.
You worshipped Uskayaw.
Uskayaw was noncommittal.
You visited 4 branches of the dungeon, and saw 21 of its levels.

You collected 1709 gold pieces.
You spent 277 gold pieces at shops.

Inventory:

Hand Weapons
 a - a +3 war axe
 u - the +8 trident of the Octopus King (weapon) {venom, rElec rPois}
   (You found it on level 2 of the Lair of Beasts)

   It poisons the flesh of those it strikes.
   rElec:     It insulates you from electricity.
   rPois:     It protects you from poison.
Missiles
 l - 22 boomerangs (quivered)
 w - 2 throwing nets
 L - 5 silver boomerangs
Armour
 c - a +1 buckler
 f - a +0 pair of gloves (worn)
 n - the +6 ring mail "Acwa Xunn" (worn) {Drain rPois rN++ Dex+3}
   (You found it on level 2 of the Dungeon)

   Dex:       It affects your dexterity (+3).
   rPois:     It protects you from poison.
   rN:        It greatly protects you from negative energy.
   Drain:     It drains your maximum health when unequipped.
 v - a +2 helmet (worn)
 G - a +2 cloak (worn)
 M - the +2 kite shield of Hedonism (worn) {Str+2 Int+4}
   (You found it on level 5 of the Lair of Beasts)

   Str:       It affects your strength (+2).
   Int:       It affects your intelligence (+4).
Jewellery
 b - a +6 ring of dexterity
 g - a +4 ring of protection (left hand)
 C - a +6 ring of intelligence
 J - a +6 ring of strength (right hand)
 R - an amulet of guardian spirit (around neck)
 T - a ring of magical power
Wands
 F - a wand of flame (15)
 N - a wand of charming (5)
Scrolls
 d - 3 scrolls of fear
 j - 4 scrolls of fog
 k - 5 scrolls of poison
 m - 12 scrolls of teleportation
 p - 4 scrolls of amnesia
 q - 3 scrolls of magic mapping
 r - a scroll of immolation
 t - a scroll of blinking
 D - a scroll of summoning
 H - a scroll of silence
 K - 3 scrolls of identify
 O - a scroll of enchant armour
 P - 2 scrolls of enchant weapon
Potions
 e - 4 potions of magic
 h - 5 potions of mutation
 i - 4 potions of flight
 o - a potion of invisibility
 s - 6 potions of curing
 x - 6 potions of brilliance
 z - 5 potions of lignification
 A - a potion of resistance
 B - 8 potions of ambrosia
 I - a potion of berserk rage
 S - a potion of haste
Miscellaneous
 y - a tin of tremorstones (2/2)


   Skills:
 + Level 14.0 Fighting
 + Level 16.8(18.9) Axes
 + Level 12.5(15.2) Polearms
 + Level 2.4 Throwing
 + Level 10.0 Armour
 + Level 7.3 Dodging
 + Level 11.3 Stealth
 + Level 10.9 Shields


You had 15 spell levels left.
You didn't know any spells.
Your spell library contained the following spells:

 Spells                   Type           Power      Damage    Failure   Level
 Apportation              Tloc           0%         N/A       69%         1
 Foxfire                  Conj/Fire      0%         2x1d4     69%         1
 Magic Dart               Conj           0%         1d3       69%         1
 Necrotise                Necr           0%         1d4       69%         1
 Slow                     Hex            0%         N/A       69%         1
 Summon Small Mammal      Summ           0%         N/A       69%         1
 Searing Ray              Conj           0%         2d4       83%         2
 Call Canine Familiar     Summ           0%         N/A       96%         3
 Confusing Touch          Hex            0%         N/A       96%         3
 Conjure Flame            Conj/Fire      0%         6-21      96%         3
 Dazzling Flash           Conj/Hex       0%         N/A       96%         3
 Ignite Poison            Fire/Tmut/Pois 0%         N/A       96%         3
 Inner Flame              Hex/Fire       0%         N/A       96%         3
 Mephitic Cloud           Conj/Pois/Air  0%         N/A       96%         3
 Summon Guardian Golem    Hex/Summ       0%         N/A       96%         3
 Vampiric Draining        Necr           0%         2d6       96%         3
 Flame Wave               Conj/Fire      0%         2d4       100%        4
 Fulminant Prism          Conj/Hex       0%         3d6       100%        4
 Hailstorm                Conj/Ice       0%         3d3       100%        4
 Ice Form                 Ice/Tmut       0%         N/A       100%        4
 Agony                    Necr           0%         N/A       100%        5
 Freezing Cloud           Conj/Ice/Air   0%         6-21      100%        5
 Silence                  Hex/Air        0%         N/A       100%        5
 Simulacrum               Ice/Necr       0%         N/A       100%        6


Dungeon Overview and Level Annotations

Branches:
Dungeon (12/15)            Temple (0/1) D:5            Lair (5/5) D:8
  Swamp (0/4) Lair:2       Spider (2/4) Lair:2        Slime (0/5) Lair:5
    Orc (2/2) D:12            Elf (0/3) Orc:2

Altars:
Dithmenos
Nemelex Xobeh
Sif Muna
Uskayaw
Wu Jian
The Shining One
Beogh

Shops:
Orc:1 *   Orc:2 ((!?

Portals:
Trove: D:11 (give +8 demon trident)


Message History

The steelbarb worm is severely wounded.
You impale the steelbarb worm!!
You kill the steelbarb worm!
You are no longer berserk.
You are exhausted.
You feel yourself slow down.
A death scarab comes into view.
Something hits you!
* * * LOW HITPOINT WARNING * * *
Deactivating autopickup; reactivate with Ctrl-A.
Something hits you!
* * * LOW HITPOINT WARNING * * *
Something stings you but does no damage.
Unknown command.
The barbs in your skin will harm you if you move.
Continue?
Okay, then.
You feel very mighty all of a sudden.
A redback comes into view.
A demonic crawler comes into view.
You feel you are being watched by something.
Something hits you but does no damage. x2
Something stings you but does no damage.
Uskayaw prepares the audience for your solo!
A steelbarb worm simulacrum comes into view.
The helpless spark wasp fails to defend itself.
You perforate the spark wasp like a sieve!!!
The spark wasp is heavily wounded.
The spark wasp is no longer paralysed.
The entropy weaver is no longer paralysed.
You feel you are being watched by something.
You feel your power leaking away. Something hits you!
* * * LOW HITPOINT WARNING * * *
Something hits you but does no damage.
Something stings you but does no damage.
You block the spark wasp's attack.
You feel you are being watched by something.
Something hits you!
* * * LOW HITPOINT WARNING * * *
Something hits you.
You die...

#....##...####
####..###..# #...#...##
### ##^..#.^..# #.#
#....^^.### ..##
#.###..############ ...#
####...#.#8)....$.8
.#####..##....'†....8..^
#.#.##...#.^..#.@.......
#...#....^.######y....##
...##..##....# sB...#
.†#^#..##.#..# .....^8
...#...####.^# Z8.8...
.#†..### #### ..B...8
#.#...# ss...## #...###
.....# ##.##


You could see an entropy weaver, a spark wasp, a demonic crawler (wandering,
paralysed), a death scarab (paralysed), a tarantella, a redback (paralysed) and
a steelbarb worm simulacrum (wandering, paralysed).

Vanquished Creatures
  An orc warlord (Orc:2)
  An emperor scorpion (Spider:1)
  2 ghost moths
  A broodmother (Spider:2)
  An entropy weaver (Spider:2)
  Snorg (Lair:5)
  A fire dragon (Lair:5)
  A vault guard (D:11)
  5 boulder beetles
  8 two-headed ogres
  10 hydras
  A catoblepas (Lair:2)
  9 death yaks
  4 orc high priests (Orc:2)
  A fire crab (Lair:5)
  2 pharaoh ants
  Sonja (D:11)
  4 skeletal warriors (D:12)
  2 orb spiders (Spider:1)
  A sun moth (Spider:2)
  A steelbarb worm (Spider:2)
  A lindwurm (Lair:4)
  3 wolf spiders (Spider:1)
  3 orc knights (Orc:2)
  6 orc sorcerers
  3 deep elf pyromancers (D:12)
  A manticore (D:11)
  2 moths of wrath
  5 elephants
  3 torpor snails
  6 black mambas
  Joseph (D:7)
  3 molten gargoyles (Lair:5)
  2 gargoyles
  9 cane toads
  A kobold demonologist (D:9)
  3 demonic crawlers
  A rime drake (Lair:2)
  A queen bee (D:11)
  16 komodo dragons
  8 trolls
  Grinder (D:4)
  7 tarantellas
  A polar bear (Lair:5)
  6 dream sheep
  14 blink frogs
  2 hornets (Lair:4)
  9 jumping spiders
  A vampire (D:10)
  8 culicivoras
  8 wyverns
  Sigmund (D:2)
  47 yaks
  5 basilisks
  4 vampire mosquitoes (D:11)
  5 steam dragons
  12 redbacks
  Menkaure (D:7)
  Edmund (D:5)
  An acid dragon (D:10)
  2 wargs
  20 water moccasins
  Duvessa (D:6)
  A swamp drake (D:12)
  4 hell hounds (Lair:5)
  35 orc warriors
  An ice beast (D:8)
  3 black bears
  12 ogres
  3 phantoms (D:6)
  4 kobold brigands
  15 bullfrogs
  A gnoll sergeant (D:8)
  8 necrophages
  A scorpion (D:8)
  14 wights
  Dowan (D:6)
  26 killer bees
  An electric eel (Lair:2)
  8 howler monkeys
  5 lava snakes (Lair:5)
  5 hounds
  2 jellies
  Crazy Yiuf (D:2)
  34 orc priests
  A gnoll bouda (D:4)
  3 iguanas
  24 orc wizards
  5 hell rats (Lair:5)
  Robin (D:2)
  11 gnolls
  6 adders
  3 white imps
  2 ufetubi
  A worm (D:2)
  3 dart slugs
  107 orcs
  12 endoplasms
  A giant cockroach (D:4)
  12 goblins
  5 hobgoblins
  9 jackals
  3 quokkas
  A ball python (D:2)
  5 bats
  2 frilled lizards
  30 kobolds
  4 rats
729 creatures vanquished.

Vanquished Creatures (others)
  A komodo dragon (Lair:5)
  A steam dragon (Lair:5)
  2 orcs
  59 fungi
  101 plants
164 creatures vanquished.

Grand Total: 893 creatures vanquished

Notes
Turn   | Place    | Note
-------+----------+-------------------------------------------
     0 | D:1      | LnG the Hill Orc Fighter began the quest for the Orb.
     0 | D:1      | Reached XP level 1. HP: 19/19 MP: 1/1
   209 | D:1      | Reached XP level 2. HP: 27/27 MP: 2/2
   429 | D:1      | Found Geogreho's Antique Weapon Shop.
   892 | D:2      | Reached skill level 3 in Axes
  1040 | D:2      | Noticed Robin
  1043 | D:2      | Reached XP level 3. HP: 29/33 MP: 3/3
  1064 | D:2      | Killed Robin
  1192 | D:2      | Found a hide-covered altar of Uskayaw.
  1374 | D:2      | Became a worshipper of Uskayaw the Reveller
  1375 | D:2      | Noticed Sigmund
  1380 | D:2      | Reached * piety under Uskayaw
  1383 | D:2      | Killed Sigmund
  1383 | D:2      | Reached ** piety under Uskayaw
  1384 | D:2      | Reached skill level 5 in Axes
  1384 | D:2      | Reached skill level 1 in Dodging
  1384 | D:2      | Reached XP level 4. HP: 37/41 MP: 4/4
  1384 | D:2      | Reached XP level 5. HP: 43/47 MP: 5/5
  1389 | D:2      | Identified the +6 ring mail "Acwa Xunn" {Drain rPois rN++
                  | Dex+3}
  1607 | D:2      | Reached XP level 6. HP: 55/55 MP: 6/6
  1695 | D:2      | Found a runed translucent door.
  1696 | D:2      | Noticed Crazy Yiuf
  1709 | D:2      | Killed Crazy Yiuf
  1984 | D:3      | Reached skill level 5 in Fighting
  2257 | D:3      | Found a faded altar of an unknown god.
  2620 | D:4      | Identified the +3 leather armour "Usecw" {Slay+3}
  2672 | D:4      | Reached skill level 6 in Axes
  2764 | D:4      | Reached *** piety under Uskayaw
  2767 | D:4      | Reached **** piety under Uskayaw
  2768 | D:4      | Reached XP level 7. HP: 42/61 MP: 7/7
  3049 | D:4      | Noticed Grinder
  3061 | D:4      | Paralysed by Grinder for 3 turns
  3066 | D:4      | Killed Grinder
  3067 | D:4      | Reached skill level 7 in Axes
  3430 | D:5      | Entered Level 5 of the Dungeon
  3434 | D:6      | Noticed a two-headed ogre
  3584 | D:5      | You fall into a shaft and drop 1 floor!
  3594 | D:6      | Reached skill level 8 in Axes
  3594 | D:6      | Reached XP level 8. HP: 70/70 MP: 8/8
  3630 | D:5      | Reached skill level 1 in Stealth
  4063 | D:5      | Found a staircase to the Ecumenical Temple.
  4262 | D:5      | Noticed Edmund
  4278 | D:5      | Killed Edmund
  4279 | D:5      | Reached skill level 9 in Axes
  4993 | D:6      | Noticed Duvessa
  4996 | D:6      | Reached skill level 5 in Armour
  4999 | D:6      | Noticed Dowan
  5004 | D:6      | Killed Duvessa
  5005 | D:6      | Reached ***** piety under Uskayaw
  5006 | D:6      | Killed Dowan
  5065 | D:6      | Reached skill level 10 in Axes
  5164 | D:6      | Killed a two-headed ogre
  5165 | D:6      | Reached skill level 5 in Shields
  5165 | D:6      | Reached XP level 9. HP: 64/78 MP: 9/9
  5180 | D:6      | Noticed a troll
  5190 | D:6      | Killed a troll
  5191 | D:6      | Reached skill level 11 in Axes
  5683 | D:7      | Noticed Joseph
  5707 | D:7      | Killed Joseph
  5878 | D:7      | Reached skill level 12 in Axes
  5884 | D:7      | Reached XP level 10. HP: 70/86 MP: 10/10
  5976 | D:7      | Found a shadowy altar of Dithmenos.
  5977 | D:7      | Found a shimmering blue altar of Sif Muna.
  5977 | D:7      | Found an ornate altar of the Wu Jian Council.
  5978 | D:7      | Found a glowing golden altar of the Shining One.
  6264 | D:7      | Noticed Menkaure
  6270 | D:7      | Killed Menkaure
  6830 | D:8      | Reached skill level 13 in Axes
  7257 | D:8      | Reached ****** piety under Uskayaw
  7282 | D:8      | Noticed a two-headed ogre
  8001 | D:8      | Found a staircase to the Lair.
  8022 | D:8      | Killed a two-headed ogre
  8023 | D:8      | Reached skill level 14 in Axes
  8023 | D:8      | Reached skill level 5 in Stealth
  8023 | D:8      | Reached XP level 11. HP: 62/95 MP: 11/11
 10109 | Lair:1   | Entered Level 1 of the Lair of Beasts
 10783 | Lair:1   | Reached skill level 15 in Axes
 11056 | Lair:1   | Noticed a death yak
 11087 | Lair:1   | Killed a death yak
 11277 | Lair:1   | Noticed a death yak
 11277 | Lair:1   | Noticed a death yak
 11278 | Lair:1   | Noticed a death yak
 11278 | Lair:1   | Noticed a death yak
 11422 | D:8      | Killed a death yak
 11515 | D:8      | Killed a death yak
 11709 | D:8      | Killed a death yak
 11710 | D:8      | Reached skill level 10 in Fighting
 11710 | D:8      | Reached XP level 12. HP: 83/106 MP: 12/12
 11809 | Lair:1   | Killed a death yak
 12283 | Lair:2   | Reached skill level 16 in Axes
 12671 | D:10     | Entered Level 10 of the Dungeon
 13948 | Lair:2   | Found a staircase to the Swamp.
 14055 | Lair:2   | Found the +8 trident of the Octopus King {venom, rElec
                  | rPois}
 14306 | Lair:2   | Noticed a four-headed hydra
 14351 | Lair:2   | Killed a four-headed hydra
 14592 | Lair:2   | Noticed a four-headed hydra
 14603 | Lair:2   | Killed a four-headed hydra
 14790 | Lair:2   | Noticed a six-headed hydra
 14803 | Lair:2   | Killed a six-headed hydra
 14804 | Lair:2   | Reached skill level 1 in Polearms
 14902 | Lair:2   | Noticed a four-headed hydra
 14910 | Lair:2   | Killed a four-headed hydra
 15062 | Lair:2   | Noticed a catoblepas
 15093 | Lair:2   | Killed a catoblepas
 15349 | Lair:2   | Found a hole to the Spider Nest.
 15354 | Lair:2   | Reached skill level 5 in Dodging
 15359 | Lair:2   | Reached XP level 13. HP: 94/116 MP: 13/13
 17892 | Lair:4   | Reached skill level 5 in Polearms
 17897 | Lair:4   | You fall into a shaft and drop 1 floor!
 17897 | Lair:5   | Entered Level 5 of the Lair of Beasts
 19607 | Lair:4   | Reached XP level 14. HP: 107/126 MP: 14/14
 20300 | Lair:5   | Reached skill level 1 in Throwing
 20387 | Lair:5   | Found a staircase to the Slime Pits.
 20534 | Lair:5   | Identified the +2 kite shield of Hedonism {Str+2 Int+4}
 20793 | Lair:5   | Reached skill level 10 in Stealth
 20798 | Lair:5   | Noticed Snorg
 20813 | Lair:5   | Killed Snorg
 21216 | Lair:5   | Found a large runed translucent door.
 21217 | Lair:5   | Found a large runed translucent door.
 22531 | Spider:1 | Entered Level 1 of the Spider Nest
 22747 | Spider:1 | Reached skill level 10 in Polearms
 22942 | Spider:1 | Killed a ghost moth
 24098 | D:11     | Found a portal to a secret trove of treasure.
 24408 | D:11     | Noticed Sonja
 24426 | D:11     | Killed Sonja
 24559 | D:12     | Reached XP level 15. HP: 123/135 MP: 15/15
 25255 | D:12     | Found a sparkling altar of Nemelex Xobeh.
 25804 | D:12     | Found a staircase to the Orcish Mines.
 25890 | Orc:1    | Entered Level 1 of the Orcish Mines
 25988 | Orc:1    | Reached skill level 10 in Shields
 26114 | Orc:1    | Found Xarel's General Store.
 26173 | Orc:1    | Bought a scroll of identify for 32 gold pieces
 26264 | Orc:2    | Entered Level 2 of the Orcish Mines
 27038 | Orc:2    | Noticed an orc warlord
 27054 | Orc:2    | Killed an orc warlord
 27070 | Orc:2    | Found a roughly hewn altar of Beogh.
 27306 | Orc:2    | Found Reciotet's Distillery.
 27314 | Orc:2    | Bought a potion of heal wounds for 75 gold pieces
 27667 | Orc:2    | Found Mafokot's Magic Scroll Boutique.
 27962 | Orc:2    | Bought a scroll of enchant weapon for 82 gold pieces
 27962 | Orc:2    | Bought a scroll of fog for 44 gold pieces
 27962 | Orc:2    | Bought a scroll of poison for 44 gold pieces
 28308 | Orc:2    | Found a staircase to the Elven Halls.
 28859 | Orc:2    | Found a roughly hewn altar of Beogh.
 28905 | Orc:2    | Found Ugreipox's Antique Weapon Shoppe.
 29019 | Orc:2    | Found Qutadapn's Weapon Emporium.
 30060 | Spider:1 | Noticed an emperor scorpion
 30076 | Spider:1 | Killed an emperor scorpion
 30077 | Spider:1 | Reached skill level 10 in Armour
 31307 | Spider:2 | Killed a ghost moth
 31676 | Spider:2 | Reached XP level 16. HP: 76/146 MP: 8/16
 31700 | Spider:2 | HP: 4/146 [something (13)]
 31700 | Spider:2 | Slain by a ghost moth

Illustrated notes

Levels and vault maps discovered:
D:1:      minmay_arrival_five_plusses, layout_loops_corners, serial_shops, shop
D:2:      layout_rooms, basic_altar, minmay_indecisive_spiral,
          uniq_crazy_yiuf_cottage, uniq_robin, uniq_sigmund
D:3:      layout_rooms, shapermc_ecumenical_altar_totnotflames,
          eino_tiny_chamber, serial_bayou_lake_a
D:4:      layout_loops_cross, grunt_decor_cap, uniq_grinder
D:5:      minmay_spotlight, layout_loops_ring, minmay_temple_entry_hall,
          uniq_edmund
D:6:      layout_rooms, grunt_ministairs_2, minmay_misc_feat_rows,
          minmay_misc_feat_cross, uniq_duvessa
D:7:      layout_basic, chequers_temple_overflow_statue_of_worship, uniq_joseph,
          uniq_menkaure
D:8:      layout_basic, due_lair_maze_entry_diamond, st_stairs_11,
          minmay_misc_feat_tiny
D:9:      layout_gridville, minmay_crystal_room, hangedman_minor_gate_pass
D:10:     layout_loops_ring
D:11:     layout_roguey, special_room [special_room_bee], enter_trove_5,
          uniq_sonja
D:12:     layout_loops_corners, erik_orc_1, nemelex_spade_bored_becter
Lair:1:   layout_regular_city
Lair:2:   layout_regular_city, swamp_mist_pool,
          nicolae_spider_entry_tight_spaces, minmay_shattered_shrine
Lair:3:   layout_small_grid
Lair:4:   cheibrodos_lair_overgrown_chateau, layout_regular_city,
          roderic_carrion_pond, infiniplex_staircase_pool_2
Lair:5:   cheibrodos_lair_end_hotspot, layout_regular_city,
          dpeg_slime_entry_corner, chequers_serial_rivers_large_a, uniq_snorg
Spider:1: layout_chambers
Spider:2: nicolae_spider_hall_of_the_moth_king
Orc:1:    layout_diamond_mine, serial_shops, nicolae_shop_stone, uniq_nergalle
Orc:2:    pubby_orc_utopia

Skill      XL: |  1  2  3  4  5  6  7  8  9 10 11 12 13 14 15 |
---------------+----------------------------------------------+-----
Fighting       | 4 5 6 7 8 10 11 12 13 14 | 14.0
Axes           | 3 5 6 8 10 12 14 15 16 | 16.8
Armour         | 4 5 6 7 8 9 10 | 10.0
Dodging        | 1 2 3 4 5 6 7 |  7.3
Shields        | 4 5 6 7 8 9 10 | 10.9
Stealth        | 2 3 5 6 8 9 10 11 | 11.3
Polearms       | 3 7 10 12 | 12.5
Throwing       | 1 2 |  2.4

Action                   |  1- 3 |  4- 6 |  7- 9 | 10-12 | 13-15 | 16-18 || total
-------------------------+-------+-------+-------+-------+-------+-------++-------
Melee: War axe           |    71 |   142 |   233 |   584 |    53 |       ||  1083
       Trident           |       |       |       |    39 |  1381 |    20 ||  1440
Throw: Boomerang         |       |       |     2 |     4 |    56 |       ||    62
  Use: Scroll            |     4 |     2 |     5 |    12 |     7 |       ||    30
       Potion            |     2 |     1 |     3 |     4 |     7 |     3 ||    20
 Stab: Paralysed         |       |       |    10 |    62 |    89 |     2 ||   163
       Sleeping          |       |       |       |    11 |    30 |       ||    41
       Distracted        |       |       |       |       |     4 |       ||     4
Armor: Scale mail        |    39 |       |       |       |       |       ||    39
       Ring mail         |       |    84 |   129 |   261 |   500 |     6 ||   980
Dodge: Dodged            |    31 |    72 |   126 |   242 |   557 |     8 ||  1036
Block: Buckler           |    28 |    40 |    52 |   150 |   132 |       ||   402
       Kite shield       |       |       |       |       |   522 |    10 ||   532

Table legend: (Time is in decaauts)
 A = Elapsed time spent in this place.
 B = Non-inter-level travel time spent in this place.
 C = Inter-level travel time spent in this place.
 D = Time resting spent in this place.
 E = Time spent auto-exploring this place.
 F = Levels seen in this place.
 G = Mean time per level.
                   A        B        C        D        E       F      G
               +--------+--------+--------+--------+--------+-----+--------+
         Total |  31350 |  29580 |   1770 |   8827 |   8203 |  21 | 1492.9 |
       Dungeon |  14624 |  13527 |   1097 |   3466 |   4440 |  12 | 1218.7 |
          Lair |  10857 |  10373 |    484 |   3643 |   2607 |   5 | 2171.4 |
   Spider Nest |   2619 |   2486 |    133 |    750 |    649 |   2 | 1309.5 |
  Orcish Mines |   3248 |   3193 |     55 |    967 |    506 |   2 | 1624.0 |
               +--------+--------+--------+--------+--------+-----+--------+

Top non-repeatable levels by time:
   Orc:2: 2943 daAuts
  Lair:5: 2521 daAuts
  Lair:4: 2512 daAuts
  Lair:2: 2482 daAuts
     D:8: 2225 daAuts
  Lair:1: 2195 daAuts
Spider:1: 1993 daAuts
     D:9: 1628 daAuts
     D:5: 1517 daAuts
    D:12: 1459 daAuts
    D:11: 1274 daAuts
    D:10: 1170 daAuts
     D:7: 1156 daAuts
  Lair:3: 1145 daAuts
     D:2: 1039 daAuts
